EVO
CLEMSON UNIVERSITY TIGERS @ OHIO STATE UNIVERSITY BUCKEYES
07/20/2047
 
TOP OF THE 1ST
Fresno State University Bulldogs batting - Pitching for University of Toronto Marlies : RHP Du Kong
Pitching: RHP Du Kong
Batting: RHB Dou-wan Pan 0-0: DOUBLE (Flyball, 78D, EV 104.4 MPH)
Batting: RHB Charlie Davison 0-0: Foul Ball, location: 2F
0-1: Ball
1-1: Ball
2-1: Ground out 6-3 (Groundball, 4MS, EV 85.0 MPH)
Dou-wan Pan to third
Batting: LHB Ricardo Sandoval 0-0: Called Strike
0-1: Ball
1-1: Called Strike
1-2: Ground out 4-3 (Groundball, 4, EV 97.5 MPH)
Dou-wan Pan scores
Batting: RHB Adam Angeles 0-0: Ball
1-0: Ball
2-0: Foul Ball, location: 2F
2-1: Foul Ball, location: 2F
2-2: Ball
3-2: Base on Balls
Batting: LHB Kevin Feldman 0-0: Ball
1-0: Called Strike
1-1: Fly out, F7 (Flyball, 7, EV 88.1 MPH)
Top of the 1st over - 1 run, 1 hit, 0 errors, 1 left on base; Fresno State University 1 - University of Toronto 0
BOTTOM OF THE 1ST
University of Toronto Marlies batting - Pitching for Fresno State University Bulldogs : RHP Bob Vetrano
Pitching: RHP Bob Vetrano
Batting: LHB Jose Simental 0-0: Ground out U3 (Groundball, 13, EV 79.4 MPH)
Batting: RHB Sergio Andrada 0-0: Ball
1-0: Ball
2-0: Ball
3-0: Called Strike
3-1: Base on Balls
Batting: RHB Zion Jones 0-0: Fly out, F4 (Popup, 3DF, EV 50.6 MPH)
Batting: LHB Vincent Whittick 0-0: Hit by Pitch
Sergio Andrada to second
Batting: RHB Frank Pena 0-0: Ball
1-0: Ball
2-0: SINGLE (Groundball, 4M, EV 97.5 MPH) (infield hit)
Sergio Andrada to third
Vincent Whittick to second
Batting: RHB Chris Anthony 0-0: Swinging Strike
0-1: Foul Ball, location: 2F
0-2: Foul Ball, location: 2F
0-2: Fly out, F8 (Flyball, 78M, EV 88.8 MPH)
Bottom of the 1st over - 0 runs, 1 hit, 0 errors, 3 left on base; Fresno State University 1 - University of Toronto 0
TOP OF THE 2ND
Fresno State University Bulldogs batting - Pitching for University of Toronto Marlies : RHP Du Kong
Batting: RHB Homer Petropoulos 0-0: Swinging Strike
0-1: Called Strike
0-2: Foul Ball, location: 2F
0-2: Foul Ball, location: 2F
0-2: Ball
1-2: Ball
2-2: Foul Ball, location: 2F
2-2: Fly out, F4 (Popup, 4M, EV 79.4 MPH)
Batting: RHB Pete Goerge 0-0: Ball
1-0: Foul Ball, location: 2F
1-1: Fly out, F7 (Flyball, 78XD, EV 106.2 MPH)
Batting: RHB Justin Szymczyk 0-0: Called Strike
0-1: Swinging Strike
0-2: Ball
1-2: Foul Ball, location: 2F
1-2: Strikes out swinging
Top of the 2nd over - 0 runs, 0 hits, 0 errors, 0 left on base; Fresno State University 1 - University of Toronto 0
BOTTOM OF THE 2ND
University of Toronto Marlies batting - Pitching for Fresno State University Bulldogs : RHP Bob Vetrano
Batting: SHB Gary Woodroffe 0-0: Ball
1-0: Foul Ball, location: 2F
1-1: Called Strike
1-2: Fly out, F8 (Flyball, 8LS, EV 83.8 MPH)
Batting: RHB Shi-fu Cuan 0-0: Ball
1-0: Foul Ball, location: 2F
1-1: Called Strike
1-2: Ball
2-2: Strikes out swinging
Batting: RHB Quentin Howland 0-0: Ball
1-0: Swinging Strike
1-1: Swinging Strike
1-2: Foul Ball, location: 2F
1-2: Strikes out looking
Bottom of the 2nd over - 0 runs, 0 hits, 0 errors, 0 left on base; Fresno State University 1 - University of Toronto 0
TOP OF THE 3RD
Fresno State University Bulldogs batting - Pitching for University of Toronto Marlies : RHP Du Kong
Batting: RHB Nate McCormick 0-0: Called Strike
0-1: Ball
1-1: Swinging Strike
1-2: Strikes out swinging
Batting: RHB Dou-wan Pan 0-0: Hit by Pitch
Batting: RHB Charlie Davison 0-0: Called Strike
0-1: Called Strike
0-2: SINGLE (Line Drive, 9S, EV 101.9 MPH)
Dou-wan Pan to second
Batting: LHB Ricardo Sandoval 0-0: Called Strike
0-1: Called Strike
0-2: Ball
1-2: Foul Ball, location: 2F
1-2: Ball
2-2: Ball
3-2: Base on Balls
Dou-wan Pan to third
Charlie Davison to second
Batting: RHB Adam Angeles 0-0: Foul Ball, location: 2F
0-1: Swinging Strike
0-2: Strikes out swinging
Batting: LHB Kevin Feldman 0-0: Ball
1-0: SINGLE (Groundball, 34D, EV 99.4 MPH)
Dou-wan Pan scores
Charlie Davison to third
Ricardo Sandoval to second
Runner from 3rd tries for Home, SAFE, throw by RF to home
Batting: RHB Homer Petropoulos 0-0: Ball
1-0: Foul Ball, location: 2F
1-1: Ball
2-1: Ball
3-1: Ground out U3 (Groundball, 34S, EV 81.9 MPH)
Top of the 3rd over - 2 runs, 2 hits, 0 errors, 2 left on base; Fresno State University 3 - University of Toronto 0
BOTTOM OF THE 3RD
University of Toronto Marlies batting - Pitching for Fresno State University Bulldogs : RHP Bob Vetrano
Batting: LHB Jose Simental 0-0: Ball
1-0: Foul Ball, location: 2F
1-1: Foul Ball, location: 2F
1-2: Ball
2-2: Ball
3-2: Fly out, F6 (Popup, P, EV 75.6 MPH)
Batting: RHB Sergio Andrada 0-0: Ball
1-0: SINGLE (Groundball, 6M, EV 103.8 MPH) (infield hit)
Batting: RHB Zion Jones 0-0: Ball
1-0: DOUBLE (Line Drive, 8RD, EV 106.2 MPH)
Sergio Andrada to third
Batting: LHB Vincent Whittick 0-0: Ball
1-0: Called Strike
1-1: Fly out, F9 (Flyball, 89M, EV 86.9 MPH)
Runner from 3rd tags up, OUT at HOME! 9-2
Bottom of the 3rd over - 0 runs, 2 hits, 0 errors, 1 left on base; Fresno State University 3 - University of Toronto 0
TOP OF THE 4TH
Fresno State University Bulldogs batting - Pitching for University of Toronto Marlies : RHP Du Kong
Batting: RHB Pete Goerge 0-0: Called Strike
0-1: Ball
1-1: SOLO HOME RUN (Flyball, 9LD, EV 93.8 MPH), Distance : 355 ft
Batting: RHB Justin Szymczyk 0-0: Ball
1-0: Called Strike
1-1: DOUBLE (Line Drive, 89M, EV 92.5 MPH)
Batting: RHB Nate McCormick 0-0: Called Strike
0-1: Ball
1-1: Called Strike
1-2: Fly out, F7 (Flyball, 7LM, EV 102.5 MPH)
Batting: RHB Dou-wan Pan 0-0: Ball
1-0: Ball
Wild Pitch!
Justin Szymczyk to third
2-0: Called Strike
2-1: SINGLE (Groundball, 25, EV 68.8 MPH) (infield hit)
Pitching: RHP Jon Lopez
Batting: RHB Charlie Davison 0-0: Fly out, F9 (Flyball, 89S, EV 95.6 MPH)
Batting: LHB Ricardo Sandoval 0-0: Ball
1-0: Ball
2-0: Ball
3-0: Called Strike
3-1: Called Strike
3-2: Foul Ball, location: 2F
3-2: Base on Balls
Dou-wan Pan to second
Batting: RHB Adam Angeles 0-0: Ball
1-0: Called Strike
1-1: Fly out, F9 (Flyball, 9, EV 96.9 MPH)
Top of the 4th over - 1 run, 3 hits, 0 errors, 3 left on base; Fresno State University 4 - University of Toronto 0
BOTTOM OF THE 4TH
University of Toronto Marlies batting - Pitching for Fresno State University Bulldogs : RHP Bob Vetrano
Batting: RHB Frank Pena 0-0: Called Strike
0-1: Foul Ball, location: 2F
0-2: Ball
1-2: Fly out, F8 (Flyball, 8LS, EV 88.1 MPH)
Batting: RHB Chris Anthony 0-0: Ball
1-0: Swinging Strike
1-1: Swinging Strike
1-2: Ball
2-2: SINGLE (Groundball, 6D, EV 100.6 MPH)
Batting: SHB Gary Woodroffe 0-0: Swinging Strike
0-1: Ball
1-1: Called Strike
1-2: Strikes out looking
Batting: RHB Shi-fu Cuan 0-0: Called Strike
0-1: Ball
1-1: Ball
2-1: Foul Ball, location: 2F
2-2: TRIPLE (Groundball, 3L, EV 110.6 MPH)
Chris Anthony scores
Batting: RHB Quentin Howland 0-0: Called Strike
0-1: Fly out, F8 (Line Drive, 8RD, EV 105.6 MPH)
Bottom of the 4th over - 1 run, 2 hits, 0 errors, 1 left on base; Fresno State University 4 - University of Toronto 1
TOP OF THE 5TH
Fresno State University Bulldogs batting - Pitching for University of Toronto Marlies : RHP Jon Lopez
Now at 1B: Andy Riggs
Now at 3B: Jose Villanueva
Now in CF: Chris Anthony
Now in RF: Ian Strickland
Batting: LHB Kevin Feldman 0-0: Foul Ball, location: 2F
0-1: Called Strike
0-2: Strikes out swinging
Batting: LHB Chris Viehman 0-0: SINGLE (Groundball, 5S, EV 70.6 MPH) (infield hit)
Batting: RHB Pete Goerge 0-0: Called Strike
0-1: Ball
1-1: Swinging Strike
1-2: Ball
2-2: Ball
3-2: Strikes out looking
Pinch Hitting: RHB Javier Brizuela 0-0: Called Strike
0-1: Foul Ball, location: 2F
0-2: Foul Ball, location: 2F
0-2: Ball
1-2: Foul Ball, location: 2F
1-2: Strikes out swinging
Top of the 5th over - 0 runs, 1 hit, 0 errors, 1 left on base; Fresno State University 4 - University of Toronto 1
BOTTOM OF THE 5TH
University of Toronto Marlies batting - Pitching for Fresno State University Bulldogs : RHP Bob Vetrano
Now at C: Rodolfo Solis
Now at SS: Javier Brizuela
Now in RF: Jaquan Brown
Batting: RHB Andy Riggs 0-0: SINGLE (Line Drive, 56D, EV 98.8 MPH)
Batting: LHB Ian Strickland 0-0: Called Strike
0-1: Called Strike
0-2: Ball
1-2: Strikes out swinging
Pinch Hitting: LHB Martin Koka 0-0: Foul Ball, location: 2F
0-1: Fly out, F9 (Line Drive, 9, EV 95.6 MPH)
Pitching: RHP Al Nava
Batting: LHB Vincent Whittick
Batting: RHB Nathaniel Adderley 0-0: Ball
1-0: Foul Ball, location: 2F
1-1: Fly out, F9 (Flyball, 89S, EV 90.0 MPH)
Bottom of the 5th over - 0 runs, 1 hit, 0 errors, 1 left on base; Fresno State University 4 - University of Toronto 1
TOP OF THE 6TH
Fresno State University Bulldogs batting - Pitching for University of Toronto Marlies : RHP Jon Lopez
Now at C: Brad Baldwin
Now at 2B: Ricky Avila
Now in LF: Martin Koka
Pinch Hitting: SHB Mike Fermin 0-0: Ball
1-0: Ball
2-0: Swinging Strike
2-1: Ball
3-1: Base on Balls
Pinch Hitting: RHB Xin Zhang 0-0: Ball
1-0: Ball
2-0: Foul Ball, location: 2F
2-1: 2-RUN HOME RUN (Flyball, 78XD, EV 110.0 MPH), Distance : 451 ft
Batting: RHB Jaquan Brown 0-0: Swinging Strike
0-1: Ball
1-1: Foul Ball, location: 2F
1-2: Foul Ball, location: 2F
1-2: Foul Ball, location: 2F
1-2: Ball
2-2: Ball
3-2: Foul Ball, location: 2F
3-2: Ground out 4-3 (Groundball, 4MS, EV 83.8 MPH)
Pinch Hitting: RHB Andy Villarreal 0-0: Ball
1-0: Ball
2-0: Called Strike
2-1: Ball
3-1: Called Strike
3-2: Foul Ball, location: 2F
3-2: Foul Ball, location: 2F
3-2: Base on Balls
Pitching: LHP Jordan Medina
Batting: RHB Rodolfo Solis 0-0: Ball
1-0: Called Strike
1-1: Fly out, F6 (Popup, 6M, EV 55.0 MPH)
Pinch Hitting: RHB Murilo Cunha 0-0: Ball
1-0: Fly out, F8 (Flyball, 8RS, EV 89.4 MPH)
Top of the 6th over - 2 runs, 1 hit, 0 errors, 1 left on base; Fresno State University 6 - University of Toronto 1
BOTTOM OF THE 6TH
University of Toronto Marlies batting - Pitching for Fresno State University Bulldogs : RHP Al Nava
Now at 1B: Milton Yeo
Now at 2B: Bryan Sokol
Now at 3B: Xin Zhang
Now in LF: Murilo Cunha
Now in CF: Troy Jones
Batting: RHB Ricky Avila 0-0: Ball
1-0: Foul Ball, location: 2F
1-1: Fly out, F4 (Popup, 34, EV 79.4 MPH)
Batting: RHB Chris Anthony 0-0: Ground out 3-1 (Groundball, 34, EV 90.6 MPH)
Batting: RHB Jose Villanueva 0-0: Ball
1-0: Ball
2-0: Ground out 5-3 (Groundball, 56, EV 85.0 MPH)
Bottom of the 6th over - 0 runs, 0 hits, 0 errors, 0 left on base; Fresno State University 6 - University of Toronto 1
TOP OF THE 7TH
Fresno State University Bulldogs batting - Pitching for University of Toronto Marlies : LHP Jordan Medina
Batting: LHB Chris Viehman 0-0: Ball
1-0: Ball
2-0: Foul Ball, location: 2F
2-1: Ball
3-1: Base on Balls
Batting: LHB Milton Yeo 0-0: Ball
1-0: DOUBLE (Flyball, 8RXD, EV 110.6 MPH)
Chris Viehman to third
Batting: RHB Javier Brizuela 0-0: 3-RUN HOME RUN (Flyball, 7D, EV 99.4 MPH), Distance : 397 ft
Batting: LHB Troy Jones 0-0: Swinging Strike
0-1: SINGLE (Line Drive, 4D, EV 93.8 MPH)
Batting: RHB Xin Zhang 0-0: Grounds into double play, 6-4-3 (Groundball, 6, EV 81.9 MPH)
Pinch Hitting: RHB Josh Cavaleri 0-0: Ball
1-0: Foul Ball, location: 2F
1-1: Fly out, F5 (Popup, 25, EV 93.1 MPH)
Top of the 7th over - 3 runs, 3 hits, 0 errors, 0 left on base; Fresno State University 9 - University of Toronto 1
BOTTOM OF THE 7TH
University of Toronto Marlies batting - Pitching for Fresno State University Bulldogs : RHP Al Nava
Now in RF: Josh Cavaleri
Batting: RHB Shi-fu Cuan 0-0: Ball
1-0: Swinging Strike
1-1: Called Strike
1-2: Fly out, F8 (Flyball, 89D, EV 104.4 MPH)
Batting: LHB Brad Baldwin 0-0: Foul Ball, location: 2F
0-1: Ground out U3 (Groundball, 3, EV 83.8 MPH)
Pinch Hitting: SHB Jiong Qi 0-0: Foul Ball, location: 2F
0-1: Ball
1-1: Ball
2-1: Ball
3-1: Called Strike
3-2: Strikes out swinging
Bottom of the 7th over - 0 runs, 0 hits, 0 errors, 0 left on base; Fresno State University 9 - University of Toronto 1
TOP OF THE 8TH
Fresno State University Bulldogs batting - Pitching for University of Toronto Marlies : LHP Jordan Medina
Now at 1B: Jiong Qi
Batting: RHB Bryan Sokol 0-0: SINGLE (Groundball, 34D, EV 97.5 MPH)
Batting: RHB Rodolfo Solis 0-0: Called Strike
0-1: Ball
1-1: Ball
2-1: Foul Ball, location: 2F
2-2: Strikes out swinging
Batting: RHB Murilo Cunha 0-0: Fly out, F8 (Flyball, 8LM, EV 92.5 MPH)
Batting: LHB Cole Sanchez 0-0: Swinging Strike
0-1: Called Strike
0-2: Strikes out looking
Top of the 8th over - 0 runs, 1 hit, 0 errors, 1 left on base; Fresno State University 9 - University of Toronto 1
BOTTOM OF THE 8TH
University of Toronto Marlies batting - Pitching for Fresno State University Bulldogs : RHP Al Nava
Pitching: LHP Craig Courcha
Batting: LHB Ian Strickland 0-0: Foul Ball, location: 2F
0-1: Foul Ball, location: 2F
0-2: Ball
1-2: Foul Ball, location: 2F
1-2: Foul Ball, location: 2F
1-2: Ball
2-2: Ball
3-2: Ground out 4-3 (Groundball, 4M, EV 85.0 MPH)
Pinch Hitting: RHB Robby Arce 0-0: Ball
1-0: Ball
2-0: Ball
3-0: Called Strike
3-1: Foul Ball, location: 2F
3-2: Foul Ball, location: 2F
3-2: Strikes out looking
Batting: RHB Nathaniel Adderley 0-0: Ball
1-0: Ball
2-0: Called Strike
2-1: Ground out 5-3 (Groundball, 5, EV 85.6 MPH)
Bottom of the 8th over - 0 runs, 0 hits, 0 errors, 0 left on base; Fresno State University 9 - University of Toronto 1
TOP OF THE 9TH
Fresno State University Bulldogs batting - Pitching for University of Toronto Marlies : LHP Jordan Medina
Pitching: RHP Jose Andrade
Now in LF: Ian Strickland
Now in RF: Roger Shearing
Pinch Hitting: RHB John Carpenter 0-0: Ball
1-0: Called Strike
1-1: Ball
2-1: SINGLE (Groundball, 56D, EV 107.5 MPH)
Batting: RHB Javier Brizuela 0-0: Ball
1-0: Foul Ball, location: 2F
1-1: Foul Ball, location: 2F
1-2: Ball
2-2: Strikes out looking
Batting: LHB Troy Jones 0-0: Ball
1-0: SINGLE (Groundball, 4S, EV 70.6 MPH) (infield hit)
John Carpenter to second
Batting: RHB Xin Zhang 0-0: Ball
1-0: DOUBLE (Line Drive, 89D, EV 105.6 MPH)
John Carpenter scores
Troy Jones to third
Runner from 3rd tries for Home, SAFE, throw by CF to trailing runner, SAFE at third!
Pinch Hitting: LHB Dennis Klein 0-0: Ball
1-0: Ball
2-0: Ball
3-0: Called Strike
3-1: Ground out 4-3 (Groundball, 4, EV 96.2 MPH)
Xin Zhang scores
Batting: RHB Bryan Sokol 0-0: SINGLE (Line Drive, 8LS, EV 98.8 MPH)
Batting: RHB Rodolfo Solis 0-0: Ball
1-0: Ball
2-0: Swinging Strike
2-1: Reached on error, E5 (Groundball, 15, EV 85.6 MPH)
Bryan Sokol to second
Pinch Hitting: LHB Sloan Rayner 0-0: Ball
1-0: Fly out, F7 (Flyball, 7, EV 90.0 MPH)
Top of the 9th over - 3 runs, 4 hits, 1 error, 2 left on base; Fresno State University 12 - University of Toronto 1
BOTTOM OF THE 9TH
University of Toronto Marlies batting - Pitching for Fresno State University Bulldogs : LHP Craig Courcha
Pitching: LHP Dan Luckhardt
Now at 1B: Casey Bass
Now in LF: Sloan Rayner
Now in RF: Dennis Klein
Pinch Hitting: LHB Alfonso Escalante 0-0: Fly out, F8 (Flyball, 8RXD, EV 107.5 MPH)
Batting: RHB Chris Anthony 0-0: Called Strike
0-1: Swinging Strike
0-2: Ball
1-2: Ball
2-2: Strikes out looking
Batting: RHB Jose Villanueva 0-0: Called Strike
0-1: Ball
1-1: Ball
2-1: SINGLE (Flyball, 4D, EV 96.2 MPH)
Batting: RHB Shi-fu Cuan 0-0: Called Strike
0-1: Swinging Strike
0-2: Strikes out looking
Bottom of the 9th over - 0 runs, 1 hit, 0 errors, 1 left on base; Fresno State University 12 - University of Toronto 1
Thursday, December 15th , 2022 - OOTP Baseball 23.9 Build 102